Cogmind - Beta 15 @@@ ROGUE MODE // 2025.06.21 @ 16:37:38 Player: PANDORA Result: Destroyed by G-34 Mercenary with Small Laser Performance ------------- Evolutions (0) 0 Regions Visited (1) 200 Robots Destroyed (16) 80 Value Destroyed (318) 318 Prototype IDs (0) 0 Alien Tech Used (0) 0 Bonus (0) 0 TOTAL SCORE: 598 Bonus ------- None Cogmind --------- Core Integrity 0/250 Matter 218/300 Energy 100/100 System Corruption 0% Temperature Cool (12) Movement Core (350) Ox6 Location -10/Materials Parts ------- > --- POWER (1) -------- (None) > --- PROPULSION (2) --- (None) > --- UTILITY (2) ------ Large Storage Unit Signal Interpreter > --- WEAPON (2) ------- (None) > --- INVENTORY (15) --- Ion Engine Improved Terrain Scanner Tractor Beam Peak State ------------ > --- POWER ------------ Ion Engine > --- PROPULSION ------- Light Treads Light Treads > --- UTILITY ---------- Improved Terrain Scanner Tractor Beam > --- WEAPON ----------- EM Pulse Gun Assault Rifle > --- INVENTORY -------- Small Storage Unit EM Pulse Gun [Rating: 9] Favorites ----------- Power Ion Engine Engine Ion Engine Power Core Light Nuclear Core Propulsion Light Treads Treads Light Treads Utility Large Storage Unit Device Improved Terrain Scanner Storage Large Storage Unit Processor Signal Interpreter Weapon Assault Rifle Energy Gun EM Pulse Gun Ballistic Gun Assault Rifle Slashing Weapon Mining Claw Build | -11 -10 ------- Run | Yrd Mat Slots Evolved . | . . Power . | . . Propulsion . | . . Utility . | . . Weapon . | . . Parts Attached 17 | 6 11 Power 4 | . 4 Engine 3 | . 3 Core 1 | . 1 Reactor . | . . Propulsion 2 | 2 . Treads 2 | 2 . Leg . | . . Wheel . | . . Hover . | . . Flight . | . . Utility 5 | 2 3 Device 2 | 2 . Storage 2 | . 2 Processor 1 | . 1 Hackware . | . . Protection . | . . Artifact . | . . Weapon 6 | 2 4 Energy Gun 2 | 1 1 Energy Cannon . | . . Ballistic Gun 3 | 1 2 Ballistic Cannon . | . . Launcher . | . . Special Weapon . | . . Impact Weapon . | . . Slashing Weapon 1 | . 1 Piercing Weapon . | . . Special Melee Weapon . | . . Unidentified Prototypes . | . . Parts Lost 7 | . 7 Power 2 | . 2 Propulsion 1 | . 1 Utility . | . . Weapon 4 | . 4 Highest Loss Streak 6 | . 6 To Critical Strikes . | . . Average Backups 3 | 2 4 Power . | . . Propulsion . | . . Utility 1 | . 1 Weapon 1 | . 1 Tool/Special . | . . Unused Backups 1 | 1 . Power 1 | 1 . Propulsion . | . . Utility . | . . Weapon . | . . Tool/Special . | . . Average Slot Usage (%) 83 | . 83 Engine 8 | . 8 Core 1 | . 1 Treads 17 | . 17 Device 5 | . 5 Storage 13 | . 13 Processor 9 | . 9 Energy Gun 6 | . 6 Ballistic Gun 19 | . 19 Peak Build Rating 9 | 8 9 Average Rating 6 | 7 6 On Entrance 4 | . 8 Naked Turns . | . . Heaviest Build 30 | 6 30 Greatest Support 40 | 40 40 Greatest Overweight (x) 9 | . 9 Average Overweight (x) . | . . Largest Inventory Capacity 15 | 5 15 Average Capacity 11 | 5 13 Most Carried 9 | 5 9 Average Carried 3 | 2 4 Final Capacity 15 | 5 15 Final Carried 3 | 3 3 Class Distribution -------------------- 100% | Mutant Dominant Class ---------------- Mutant | -10/Materials Resources | -11 -10 ----------- Run | Yrd Mat Matter Collected 594 | 243 351 Remotely 172 | 112 60 Salvage Created 482 | 85 397 Parts 36 | 4 32 Haulers Intercepted . | . . Recyclers Shooed 2 | . 2 Parts Field Recycled . | . . Retrieved Matter . | . . Parts Self-Destructed . | . . Prevented . | . . Kills | -11 -10 ------- Run | Yrd Mat Combat Hostiles Destroyed 9 | . 9 Guns 7 | . 7 AOE 2 | . 2 Classes Destroyed 6 | 2 4 Builder 2 | . 2 Tunneler 1 | 1 . Recycler 1 | 1 . Watcher 3 | . 3 Swarmer 3 | . 3 Grunt 6 | . 6 Best Kill Streak 3 | 1 3 Combat Bots Only 3 | . 3 Max Kills in Single Turn 2 | 1 2 Gunslinging . | . . Exploded 2 | . 2 Melee . | . . Uniques/NPCs Destroyed . | . . Combat | -11 -10 -------- Run | Yrd Mat Hostile Shots Fired 113 | . 113 Missed 41 | . 41 Hits 72 | . 72 Projectile 72 | . 72 Damage Taken 865 | . 865 Core 253 | . 253 Absorbed by Shields . | . . Core Remaining (%) 100 | 100 . Volleys Fired 64 | 5 59 Largest 2 | 2 2 Hottest 60 | 60 60 Shots Fired 105 | 10 95 Gun 105 | 10 95 Cannon . | . . Launcher . | . . Special . | . . Kinetic 78 | 5 73 Thermal . | . . Explosive . | . . Electromagnetic 27 | 5 22 Robot Hit Streak 5 | 2 5 Robot Miss Streak 4 | 1 4 Penetration Max . | . . Secondary Targets 1 | . 1 Max Gunslinging Chain 1 | . 1 Shots Hit Robots 56 | 6 50 Core Hits 24 | 3 21 Critical Kills . | . . Critical Parts Destroyed 1 | . 1 Critical Strikes 1 | . 1 Destroy 1 | . 1 Melee Attacks . | . . Impact . | . . Slashing . | . . Piercing . | . . Sneak Attacks . | . . Combat Hostiles . | . . Follow-up Attacks . | . . Damage Inflicted 928 | 78 850 Guns 781 | 78 703 Cannons . | . . Explosions 141 | . 141 Melee . | . . Ramming 6 | . 6 Kinetic 524 | 51 473 Thermal 141 | . 141 Explosive . | . . Electromagnetic 257 | 27 230 Impact . | . . Slashing . | . . Piercing . | . . Highest Corruption . | . . Average Corruption . | . . Corruption Purged . | . . Corruption Blocked . | . . Overload Shots . | . . Overflow Damage . | . . Projectiles . | . . Explosions . | . . Melee . | . . Knockbacks . | . . Impact . | . . Kinetic . | . . Secondary . | . . Self-Inflicted Damage . | . . Shots . | . . Rammed 3 | . 3 Targets Rammed 3 | . 3 Kicked . | . . Crushed . | . . Highest Temperature 36 | . 36 Average Temperature 15 | . 15 Received Heat Transfer 468 | . 468 Siege Activations . | . . Martial Activations . | . . Shielding Activations . | . . Robots Disrupted . | . . Combat Hostiles . | . . Robots Corrupted . | . . Combat Hostiles . | . . Parts Fried . | . . Impact Corruptions . | . . Robots Melted . | . . Combat Hostiles . | . . Parts Melted . | . . Heat Transferred 100 | . 100 Parts Sabotaged . | . . Parts Stolen . | . . Parts Stripped . | . . Power Chain Reactions 2 | . 2 Alert | -11 -10 ------- Run | Yrd Mat Maximum Alert Level . | . . Low Security (%) 100 | 100 100 Level 1 . | . . Level 2 . | . . Level 3 . | . . Level 4 . | . . Level 5 . | . . High Security . | . . Max Security . | . . Peak Influence 71 | 5 71 Initial . | . . Average 8 | . 11 Influence Increases 283 | 10 273 Destroy 0b10 Robot/C 180 | . 180 Destroy 0b10 Robot/NC 35 | 10 25 Destroy Leader 46 | . 46 Successful Hack 15 | . 15 Destroy Structure 7 | . 7 Influence Decreases 283 | 10 273 Time Decay 230 | 10 220 Lost Part 23 | . 23 Purge Threat 30 | . 30 Squads Dispatched 3 | . 3 Investigation 2 | . 2 Extermination . | . . Reinforcement 1 | . 1 Assault . | . . Garrison . | . . Intercept . | . . Searches Triggered . | . . Construction Impeded . | . . Haulers Reinforced . | . . Active Scanning Responses . | . . Cargo Convoy Interrupts . | . . Stealth | -11 -10 --------- Run | Yrd Mat Distress Signals 1 | . 1 Communications Jammed . | . . Distress Signals . | . . Times Spotted 20 | . 20 Peak Tracking Total 3 | . 3 Tactical Retreats . | . . Traps | -11 -10 ------- Run | Yrd Mat Traps Triggered 6 | . 6 Indirectly . | . . Trap Hack Attempts . | . . Triggered . | . . Disarmed . | . . Reprogrammed . | . . Reused . | . . Traps Extracted . | . . Installed . | . . Triggered . | . . Machines | -11 -10 ---------- Run | Yrd Mat Machines Disabled . | . . Max in Single Turn . | . . Machines Repaired . | . . Machines Dismantled . | . . Machines Sabotaged . | . . Overloaded Fab Kills . | . . Hacking | -11 -10 --------- Run | Yrd Mat Machines Accessed 5 | . 5 Terminals 4 | . 4 Fabricators . | . . Repair Stations . | . . Recycling Units 1 | . 1 Scanalyzers . | . . Garrison Access . | . . Total Hacks 15 | . 15 Successful 4 | . 4 Failed 11 | . 11 Catastrophic 3 | . 3 Database Lockouts . | . . Manual 11 | . 11 Terminals 13 | . 13 Fabricators . | . . Repair Stations . | . . Recycling Units 2 | . 2 Scanalyzers . | . . Garrison Access . | . . Terminal Hacks 4 | . 4 Record 1 | . 1 Unreport Threat 2 | . 2 Disarm Traps 1 | . 1 Fabricator Hacks . | . . Repair Station Hacks . | . . Recycling Unit Hacks . | . . Scanalyzer . | . . Garrison Access Hacks . | . . Unauthorized Hacks . | . . Terminals . | . . Fabricators . | . . Repair Stations . | . . Recycling Units . | . . Scanalyzers . | . . Garrison Access . | . . Data Cores Recovered . | . . Used . | . . Hacking Detections 4 | . 4 Full Trace Events 4 | . 4 Feedback Events . | . . Feedback Blocked . | . . Robot Schematics Acquired . | . . Robots Built . | . . Authchips . | . . Time . | . . Total Robot Build Rating . | . . Part Schematics Acquired . | . . Parts Built . | . . Authchips . | . . Time . | . . Total Part Build Rating . | . . Parts Repaired . | . . Time . | . . Parts Recycled . | . . Recycled Matter . | . . Retrieved Matter . | . . Retrieved Components . | . . Parts Scanalyzed . | . . Part Schematics Acquired . | . . Parts Damaged . | . . Bothacking | -11 -10 ------------ Run | Yrd Mat Used RIF Installer . | . . Robots Hacked . | . . Non-combat . | . . Combat . | . . Robot Hacks Applied . | . . Relay Couplers Released . | . . Fabnet Peak Effective % . | . . Robots Rewired . | . . Allies Hacked . | . . Hacks Repelled . | . . Allies | -11 -10 -------- Run | Yrd Mat Total Allies . | . . Largest Group . | . . Highest-Rated Group . | . . Highest-Rated Ally . | . . Total Orders . | . . Ally Attacks . | . . Total Damage . | . . Kills . | . . Allies Corrupted . | . . Allies Melted . | . . Intel | -11 -10 ------- Run | Yrd Mat Active Infowar (turns) 742 | 333 409 Terrain 742 | 333 409 Robot Analysis Total . | . . Derelict Logs Recovered . | . . Drone Launches . | . . Drone Recoveries . | . . Exploration | -11 -10 ------------- Run | Yrd Mat Turns Passed 1711 | 426 1285 Spaces Moved 593 | 89 504 Core 32 | 16 16 Treads 561 | 73 488 Legs . | . . Wheels . | . . Hover . | . . Flight . | . . Fastest Speed 50 | 50 160 Average Speed 199 | 140 210 Slowest Speed 500 | 160 500 Overloaded Moves . | . . Propulsion Burnouts . | . . Robots Hopped . | . . Potential Cave-ins . | . . Cave-ins Triggered . | . . Exploration Rate (%) 38 | 12 64 Regions Visited 1 Branch Regions . Pre-discovered Areas . | . . Known Exits Taken . | . . Unknown Exits Taken 1 | 1 . Scrap Searched . | . . Spaces Dug . | . . Terrain Destroyed 4 | . 4 Melee . | . . Projectile . | . . AOE 4 | . 4 Terrain Rammed . | . . Walls Destroyed . | . . Machines Disabled . | . . Actions | -11 -10 --------- Run | Yrd Mat Total 1007 | 381 626 Wait 293 | 271 22 Move 592 | 88 504 Hop . | . . Pick Up 24 | 10 14 Fast Attach . | . . Attach 19 | 6 13 Detach . | . . Swap 10 | . 10 Drop 2 | 1 1 Fire 64 | 5 59 Melee . | . . Ram . | . . Kick . | . . Crush 3 | . 3 Escape Stasis . | . . Rewire . | . . Trap . | . . Miscellaneous . | . . Route ------- -11/Scrapyard -10/Materials (discovered 3 exits: [*Mat] / *Min x2) History --------- Turn | Location | Event 6 | -11/Scrapyard | Discovered new exit (range 15) 427 | -11/Scrapyard | Entered Materials 428 | -10/Materials | Build established: Mutant 474 | -10/Materials | Discovered new exit (range 16) 784 | -10/Materials | Discovered new exit (range 8) 1218 | -10/Materials | Discovered new exit (range 15) 1452 | -10/Materials | Identified exit to Mines 1683 | -10/Materials | Core integrity fell below 50% 1699 | -10/Materials | Core integrity fell below 20% 1712 | -10/Materials | Destroyed by G-34 Mercenary with Small Laser Last Messages --------------- Compactor. 01625_ K-01 Serf collects debris. 01630_ Connecting with Terminal... 01630_ ALERT: Suspicious activity at Terminal M002. Dispatching Investigation squad. [Achievement: One Hack Too Far] 01630_ K-01 Serf collects debris. 01661_ Lgt. Treads destroyed. 01665_ K-01 Serf destroyed. 01665_ K-01 Serf collects debris. 01669_ EM Pulse Gun destroyed. 01670_ K-01 Serf collects debris. 01671_ Assault Rifle destroyed. 01681_ R-06 Scavenger collects Lgt. Ion Engine. 01684_ Assault Rifle destroyed. 01685_ R-06 Scavenger collects Wheel. 01691_ Lgt. Nuclear Core destroyed. 01697_ U-05 Engineer works on Material Compactor. 01710_ Mining Claw destroyed. Map ----- +----------------------------------------------------+ | ??????????????????????????????# ??# #?# ?## | | ??????????????????????????????# ## ### ! ????? | | ??????????????????????????????# # ###+####### | | ??????????????????????????????# + | | ????????????????????????????#?# # ########### | | ??????????????????????????????# ###### #?? | | ????????????????????????####### ??????# """ #?? | | ???????????????????????##!!!!## ! ???#?# """ #?? | | ???????????????????????#! !###???????# """ ##? | | ???????????????????????# #?#???????# #?? | | ??????????????????????## ###?######### #?# | | ??????????????????????# ##### ##+####### | | ??????????????????????# % | | ??????????????????????# > | | ??????????????????????# | | ??????????????????????# ##T## ## %##### | | ??????????????????????## ###### "!"!" ## ##?## | | ???????????????????????# #????#""!"!""## ##### | | ???????????????????????# #????########## # | | ???????????????????????# #??????# # # "" | | ???????????????????????# #???#??#""" # # "" | | ???????????????????????# #??????#""" # # "" | | ???????#########+####### ########""" / + "" | | ?????? % #""" # # "" | | ?????? ggg #""" # # | | ?????? @ # # ##### | | ?????????#######+########/#########""" # | | ????????????????????# """ #?#""" # | | ????????????????????# "<< "T" #?#""" # | | ????????????????????# "<< #?#""" # ##### | | ????????????????????# "u< ###""" # #?# | | ????????????????????#